 Dungeon Crawl Stone Soup version 0.28.0-53-g5a82cb258f (webtiles) character file.

Game seed: 7336606014186404422

12 MiltankisOP the Sneak (level 2, -1/17 HPs)
             Began as a Kobold Brigand on June 17, 2022.
             Slain by a gnoll
             ... wielding a +0 club
              (7 damage)
             ... on level 1 of the Dungeon.
             The game lasted 00:00:28 (195 turns).

MiltankisOP the Sneak (Kobold Brigand)               Turns: 195, Time: 00:00:28

Health: -1/17      AC:  3    Str:  8    XL:     2   Next: 45%
Magic:  2/2        EV: 14    Int: 12    God:
Gold:   4          SH:  0    Dex: 16    Spells: 1/1 levels left

rFire   . . .      SeeInvis .   a - +2 dagger
rCold   . . .      Faith    .   (no shield)
rNeg    . . .      Spirit   .   b - +0 robe
rPois   .          Reflect  .   (no helmet)
rElec   .          Harm     .   c - +0 cloak
rCorr   .          Rampage  .   (no gloves)
Will    .....                   (no boots)
Stlth   ++++......              (no amulet)
HPRegen 0.05/turn               (no ring)
MPRegen 0.08/turn               (no ring)

@: no status effects
A: small, no large weapons, nightstalker 3
a: no special abilities


You were on level 1 of the Dungeon.
You visited 1 branch of the dungeon, and saw 1 of its levels.

You collected 4 gold pieces.

Inventory:

Hand Weapons
 a - a +2 dagger (weapon)
Missiles
 d - 8 poisoned darts (quivered)
 e - 2 curare-tipped darts
Armour
 b - a +0 robe (worn)
 c - a +0 cloak (worn)
Scrolls
 f - a scroll of magic mapping {unknown}


   Skills:
 - Level 2.1 Fighting
 + Level 3.3 Short Blades
 - Level 2.1 Throwing
 - Level 1.2 Dodging
 + Level 5.8 Stealth


You had one spell level left.
You didn't know any spells.
Your spell library was empty.

Dungeon Overview and Level Annotations

Branches:
Dungeon (1/15)

Altars:


Innate Abilities, Weirdness & Mutations

You are small and have problems with some larger weapons.
You are completely attuned to the shadows.


Message History

You closely miss the kobold.
The kobold is heavily wounded.
The kobold closely misses you. x2
You closely miss the kobold.
The kobold is heavily wounded.
The kobold barely misses you. The kobold closely misses you.
You hit the kobold but do no damage.
The kobold is heavily wounded.
The gnoll closely misses you. The kobold hits you with a +0 whip.
The kobold hits you with a +0 dagger.
You are too injured to fight recklessly!
You are too injured to fight recklessly!
You are too injured to fight recklessly!
You are too injured to fight recklessly!
You are too injured to fight recklessly!
You are too injured to fight recklessly!
You are too injured to fight recklessly!
You are too injured to fight recklessly!
You are too injured to fight recklessly!
The kobold throws a stone.
The stone completely misses you.
The kobold throws a stone.
The stone closely misses you.
You see here a jackal corpse.
The gnoll closely misses you.
Things that are here:
a +0 short sword; a kobold corpse You hit the gnoll.
The gnoll is lightly wounded.
The gnoll barely misses you.
You hit the gnoll.
The gnoll is lightly wounded.
You hit the gnoll but do no damage.
The gnoll is lightly wounded.
The gnoll hits you with a +0 club.
You hit the gnoll.
The gnoll is moderately wounded.
The gnoll hits you with a +0 club.
You hit the gnoll but do no damage.
The gnoll is moderately wounded.
The gnoll hits you with a +0 club!
You die...

#.##.....# ##...........
#.######.# ######.#####
#.# #.## #≈≈≈≈♣.♣≈≈ #.#
#..## #####.#≈...♣.♣...
#.#
##..###.....#≈.♣.....P.≈
#.# ##..........
#≈♣♣♣...PPP≈
#.........####♣.♣.....P.♣
#.......K###..≈....<....≈
#.......Kg@..#♣.P.....P.♣
#........#####≈PPP...PPP≈
#.......## ≈.P.....P.≈
#.......# ≈≈≈♣≈♣≈≈ ≈
#####......(# ###. ###
....†.####### ..#..##
#.#..### ..^....##


You could see a gnoll and 2 kobolds.

Vanquished Creatures
  An endoplasm (D:1)
  A hobgoblin (D:1)
  3 jackals (D:1)
  A kobold (D:1)
  A quokka (D:1)
  3 ball pythons (D:1)
10 creatures vanquished.

Notes
Turn   | Place    | Note
-------+----------+-------------------------------------------
     0 | D:1      | MiltankisOP the Kobold Brigand began the quest for the Orb.
     0 | D:1      | Reached XP level 1. HP: 12/12 MP: 1/1
   106 | D:1      | Reached XP level 2. HP: 14/17 MP: 2/2
   195 | D:1      | Slain by a gnoll

Illustrated notes

Levels and vault maps discovered:
D:1:      ldierk_walled_garden, layout_rooms, dreamdust_ecumenical_altar_grove,
          minmay_rat_gold_closets

Skill      XL: |  1 |
---------------+----+-----
Short Blades   | 3 |  3.3
Fighting       | |  2.1
Throwing       | |  2.1
Dodging        | |  1.2
Stealth        | |  5.8

Action                   || total
-------------------------++-------
Melee: Dagger            ||    31
 Stab: Sleeping          ||     6
Armor: Robe              ||     4
Dodge: Dodged            ||    27
